 Dungeon Crawl Stone Soup version 0.31-a0-819-gf6de2f5ab6 (webtiles) character file.

Game seed: 13798443085463030213

32 demibob the Poker (level 3, -7/29 HPs)
             Began as a Merfolk Chaos Knight on Sept 23, 2023.
             Was a Plaything of Xom.
             Mangled by an orc
             ... wielding a +1 short sword of electrocution
              (15 damage)
             ... on level 2 of the Dungeon.
             The game lasted 00:01:43 (893 turns).

demibob the Poker (Merfolk Chaos Knight)             Turns: 893, Time: 00:01:45

Health: -7/29      AC:  5    Str: 12    XL:     3   Next: 25%
Magic:  3/3        EV: 12    Int: 11    God:    Xom [..*...]
Gold:   44         SH:  0    Dex: 15    Spells: 2/2 levels left

rFire   . . .        a - +0 spear (chaos)
rCold   . . .        (no shield)
rNeg    . . .        b - +2 leather armour
rPois   .            (no helmet)
rElec   .            (no cloak)
rCorr   .            (no gloves)
SInv    .            (no boots)
Will    .....        (no amulet)
Stlth   +            (no ring)
HPRegen 0.24/turn    (no ring)
MPRegen 0.08/turn

%: no passive effects
@: hasted, very quick
A: (nimble swimmer 2), mertail
a: Renounce Religion


You were on level 2 of the Dungeon.
You worshipped Xom.
You were a toy of Xom.
You visited 1 branch of the dungeon, and saw 2 of its levels.

You collected 99 gold pieces.
You spent 55 gold pieces at shops.


Innate Abilities, Weirdness & Mutations

((You are very nimble when in or above water. (Stealth+, EV+, Speed+++)))
Your lower body shifts to a powerful aquatic tail in water.


   Skills:
 - Level 3.2 Fighting
 + Level 5.7 Polearms
 - Level 0.6 Armour
 - Level 2.6 Dodging


You had 2 spell levels left.
You didn't know any spells.
Your spell library was empty.

Inventory:

Hand Weapons
 a - a +0 spear of chaos (weapon)
Armour
 b - a +2 leather armour (worn)
Jewellery
 f - an amulet of reflection
Scrolls
 d - 3 scrolls of identify {@r1}
 e - a scroll of teleportation {@r2}

Dungeon Overview and Level Annotations

Branches:
Dungeon (2/15)

Altars:

Shops:
D:1

?
#.▒▒.....▒▒.....
#.▒..o....▒.....
#.▒o......▒ ....
#.▒b......▒ ...
#.▒)......▒
#.▒.......▒
#.▒.......▒
#.▒.......▒
#.@o...b...
####....#..
#oo....# #
#o#....#
#o#.##.# #.#.#
## #<#.. #####


You could see an orc priest (ally target) and 2 orcs.


Message History

An orc is nearby!
An orc is nearby!
An orc is nearby!
The orc shouts!
You hear a shout! x2
The orc priest shouts!
The orc shouts!
Failed to move towards target.
Failed to move towards target.
Failed to move towards target.
Failed to move towards target.
Failed to move towards target.
There are monsters nearby!
There are monsters nearby!
The orc shouts!
You reach to attack!
You hit the orc. You freeze the orc.
You kill the orc!
The orc priest calls down the wrath of Beogh upon you.
Beogh smites you!
A shower of butterflies erupts from you! "Go forth and cause havoc, mortal!"
You feel yourself speed up.
The orc priest invokes the aid of Beogh against you.
Beogh smites you!
* * * LOW HITPOINT WARNING * * *
The orc closely misses your butterfly. The orc attacks as it pursues you!
The orc hits you with a +1 short sword of electrocution.
* * * LOW HITPOINT WARNING * * *
You are electrocuted!
Ouch! That really hurt!
You die...
Xom titters!

Skill      XL: |  1  2 |
---------------+-------+-----
Polearms       | 5 |  5.7
Fighting       | |  3.2
Armour         | |  0.6
Dodging        | |  2.6

Action                     || total
---------------------------++-------
  Melee: Spear             ||    88
    Use: Scroll            ||     3
 Armour: Leather armour    ||    35
  Dodge: Dodged            ||    57

Levels and vault maps discovered:
D:1:      dpeg_arrival_rooms_a, layout_rooms, serial_shops, shop,
          chequers_serial_rivers_micro_d, serial_bayou_crossing
D:2:      cheibrodos_pilgrimage, layout_basic, minmay_nonomino_d4, uniq_terence,
          uniq_robin

Notes
Turn   | Place    | Note
-------+----------+-------------------------------------------
     0 | D:1      | demibob the Merfolk Chaos Knight began the quest for the
                  | Orb.
     0 | D:1      | Reached XP level 1. HP: 18/18 MP: 1/1
    54 | D:1      | Found Akiupy's Magic Scroll Shop.
    80 | D:1      | Bought a scroll of identify for 22 gold pieces
   196 | D:1      | Reached XP level 2. HP: 24/24 MP: 2/2
   203 | D:1      | XOM: 5-stop teleportation journey
   391 | D:1      | Reached skill level 5 in Polearms
   470 | D:1      | XOM: divination: detect creatures
   675 | D:1      | Bought a scroll of teleportation for 33 gold pieces
   705 | D:1      | HP: 2/24 [orc/+0 hand axe (2)]
   711 | D:1      | Reached XP level 3. HP: 4/29 MP: 3/3
   891 | D:2      | XOM: butterfly on damage
   893 | D:2      | XOM: potion effect (haste)
   893 | D:2      | Mangled by an orc

Vanquished Creatures
  3 orcs
  4 ball pythons (D:1)
  3 endoplasms
  2 giant cockroaches (D:1)
  2 hobgoblins (D:1)
  A quokka (D:1)
  6 bats
  A frilled lizard (D:1)
  A goblin (D:1)
  2 kobolds (D:1)
  2 rats
27 creatures vanquished.

Table legend: (Time is in decaauts)
 A = Elapsed time spent in this place.
 B = Non-inter-level travel time spent in this place.
 C = Inter-level travel time spent in this place.
 D = Time resting spent in this place.
 E = Time spent auto-exploring this place.
 F = Levels seen in this place.
 G = Mean time per level.
                   A        B        C        D        E       F      G
               +--------+--------+--------+--------+--------+-----+--------+
         Total |    873 |    830 |     43 |    191 |    464 |   2 |  436.5 |
       Dungeon |    873 |    830 |     43 |    191 |    464 |   2 |  436.5 |
               +--------+--------+--------+--------+--------+-----+--------+

Top non-repeatable levels by time:
     D:1: 778 daAuts
     D:2: 95 daAuts

Table legend:
 A = Non-vault XP
 B = Vault XP
 C = Vault XP percentage of total XP
 D = Non-vault monster count
 E = Vault monster count
 F = Vault count percentage of total count
                 A         B        C        D         E       F
            +---------+---------+-------+---------+---------+-------
      Total |      37 |       9 |  19.6 |      24 |       3 |  11.1
            +---------+---------+-------+---------+---------+-------
        D:1 |      30 |       3 |   9.1 |      20 |       1 |   4.8
        D:2 |       7 |       6 |  46.2 |       4 |       2 |  33.3
            +---------+---------+-------+---------+---------+-------
